TKirby, chaotic male elven Wizard # # ------------- -------+------ |...........-############## ------------- |.{..........| ###...........<| # |...........| |............+# ----.-------- ##....*.......| |......>.....|# # |...........| |............|# ### #............| --------+-----# # ###|...........| ## # ### #########-.......^...| # # # ### --.---------- ### # ### # ### # # # ### # ### ### ## # ### # # ----+------- ### # ### ##...........| # ----|-------- --.----- |..........|############### |@m.........| |.......######## |..........| |.!!@!!!!!!!| |......| |..........| |!!!f!!!!!!!| |......| ------------ ------------- -------- TKirby the Evoker Experience level: 2 Strength: 13 Dexterity: 9 Constitution: 13 Intelligence: 20 Wisdom: 9 Charisma: 11 Health: 0(17) Energy: 14(14) Def: 2 Gold: 112 Moves: 1070 Dungeon seed: Um3BJgueJ924_DSF Game ID: TKirby_1506613632 Your Inventory: Coins $ - 112 gold pieces Amulets o - a cursed amulet of restful sleep Weapons a - a blessed +1 quarterstaff (weapon in hands) n - 7 +0 elven arrows s - a +0 orcish dagger (alternate weapon; not wielded) Armor e - an uncursed +0 cloak of magic resistance (being worn) q - an uncursed +0 leather jacket (being worn) Comestibles v - an uncursed food ration Scrolls i - 2 uncursed scrolls of identify t - a blessed scroll of identify Spellbooks k - a blessed spellbook of force bolt l - an uncursed spellbook of cure sickness p - an uncursed spellbook of fireball u - an uncursed spellbook of clairvoyance Potions f - an uncursed potion of see invisible g - an uncursed potion of levitation h - an uncursed potion of booze Rings c - an uncursed ring of polymorph d - an uncursed ring of searching (on left hand) Wands b - a wand of teleportation (0:7) Tools m - an uncursed tooled horn Spells and supernatural/magical abilities: Name Level Category Fail Memory a - force bolt 1 attack 0% 95% f - fireball 4 attack 63% 96% v - clairvoyance 3 divination 77% 99% K - cure sickness 3 healing 77% 95% W - pray for help -- divine ? -- Your skills at the end: Fighting Skills Weapon Skills quarterstaff [Basic] Spellcasting Skills attack spells [Basic] enchantment spells [Basic] Final Attributes: You were piously aligned. You were magic-protected. You had automatic searching. You had infravision. You are dead. Vanquished creatures: 5 jackals a fox a kobold a goblin 2 grid bugs 2 lichens a kobold zombie 2 newts 15 creatures vanquished. Voluntary challenges: You followed a strict vegan diet. You were an atheist. You used a wielded weapon 15 times, starting on turn 150. You read items or engraved 19 times, starting on turn 189. You never genocided any monsters. You never polymorphed an object. You never changed form. You used no wishes. You never split a pudding. You never wrote Elbereth's name. You never violated your personal moral code. Dungeon overview: The Dungeons of Doom: levels 1 to 2 Level 1 a long staircase Level 2 <- You were here a potion shop, a fountain History has recorded: On T:1 you entered the Dungeons of Doom to retrieve the Amulet of Yendor! On T:857 you advanced to experience level 2. On T:874 you reached level 2 of The Dungeons of Doom. Score breakdown: Gold: 112 ( 6983 points) Experience: 2 levels ( 5570 points) Exploration: 2 levels ( 3.85%) ( 4200 points) Discoveries: 2 items ( 0.72%) ( 2549 points) Valuables value: (no points given unless you survive) Artifact value: 0 ( 0 points) Variety of kills: 8 monsters ( 2.10%) ( 4347 points) Turncount: 1070 turns ( 0 points) Survival: died (score multiplied by 80%) Total score: 18919 Latest messages: You don't have enough energy to cast that spell. The door resists! The door opens. You displace maple. As you read the scroll, it disappears. A map coalesces in your mind! "Hello, TKirby! Welcome to Gorlowka's liquor emporium!" You see here a black potion (150 zorkmids). You see here a sky blue potion (50 zorkmids). You see here a puce potion (100 zorkmids). Wait! That's a small mimic! You hit the small mimic. You miss the small mimic. (2x) You are beginning to feel hungry. You hit the small mimic. You hit the small mimic! The small mimic hits! You hit the small mimic. (2x) Maple picks up a potion. You hit the small mimic. (2x) The small mimic hits! You die... Gorlowka gratefully inherits all your possessions. Final status: Goodbye TKirby the Wizard, killed by a small mimic... You died in The Dungeons of Doom on dungeon level 2 with 18919 points, and 112 pieces of gold, after 1070 moves. You were level 2 with a maximum of 17 hit points when you died.